 Dungeon Crawl Stone Soup version 0.30-a0-857-gcaf70739d4 (webtiles) character file.

Game seed: 12760089145914605482

61 Chudface the Caller (level 4, 0/32 HPs)
             Began as a Merfolk Summoner on Mar 5, 2023.
             Slain by an orc
             ... wielding a +0 club
              (4 damage)
             ... on level 3 of the Dungeon on Mar 6, 2023.
             The game lasted 00:09:10 (2359 turns).

Chudface the Caller (Merfolk Summoner)              Turns: 2359, Time: 00:09:11

Health: 0/32       AC:  2    Str: 14    XL:     4   Next: 7%
Magic:  7/7        EV: 13    Int: 16    God:
Gold:   104        SH:  0    Dex: 14    Spells: 1/7 levels left

rFire   . . .      SeeInvis .    d - +0 whip
rCold   . . .      Faith    .    (no shield)
rNeg    . . .      Spirit   .    a - +0 robe
rPois   .          Reflect  .    (no helmet)
rElec   .          Rampage  .    (no cloak)
rCorr   .                        (no gloves)
Will    .....                    (no boots)
Stlth   ++                       (no amulet)
HPRegen 0.25/turn                f - ring of wizardry
MPRegen 0.10/turn                j - +6 ring of strength

@: no status effects
A: (nimble swimmer 2), mertail
a: no special abilities


You were on level 3 of the Dungeon.
You visited 1 branch of the dungeon, and saw 4 of its levels.

You collected 104 gold pieces.

Inventory:

Hand Weapons
 d - a +0 whip (weapon)
Missiles
 n - 5 poisoned darts
 r - 4 javelins
Armour
 a - a +0 robe (worn)
Magical Staves
 i - a staff of conjuration
Jewellery
 f - a ring of wizardry (left hand)
 j - a +6 ring of strength (right hand)
Scrolls
 c - a scroll of enchant weapon
 g - a scroll of teleportation
 h - a scroll of poison
 m - a scroll of magic mapping {unknown}
 o - a scroll of acquirement {unknown}
 q - a scroll of vulnerability
 s - a scroll of fog {unknown}
Potions
 b - a potion of magic
 e - a potion of attraction
 k - a potion of curing
 l - a potion of might
 p - a potion of flight {unknown}


   Skills:
 - Level 1.2 Fighting
 - Level 3.3 Dodging
 - Level 2.7 Stealth
 + Level 2.0 Spellcasting
 + Level 4.8 Summonings


You had one spell level left.
You knew the following spells:

 Your Spells              Type           Power      Damage    Failure   Level
a - Summon Small Mammal   Summ           68%        N/A       1%          1
b - Call Imp              Summ           17%        N/A       1%          2
c - Call Canine Familiar  Summ           17%        N/A       3%          3

Your spell library contained the following spells:

 Spells                   Type           Power      Damage    Failure   Level
 Summon Guardian Golem    Hex/Summ       9%         N/A       9%          3
 Summon Lightning Spire   Summ/Air       9%         N/A       28%         4


Dungeon Overview and Level Annotations

Branches:
Dungeon (4/15)             Temple (0/1) D:4

Altars:
Gozag
Kikubaaqudgha
Xom

Annotations:
D:3 3 runed translucent doors, exclusion: downstairs, oldplebian's ghost, amateur GnCA


Innate Abilities, Weirdness & Mutations

((You are very nimble when in or above water. (Stealth+, EV+, Speed+++)))
Your lower body shifts to a powerful aquatic tail in water.


Message History

The giant cockroach closely misses you. The orc attacks as you move away!
The orc hits you with a +0 club.
The giant cockroach attacks as you move away!
The giant cockroach barely misses you.
You feel very sick. The hobgoblin hits you.
The orc wizard casts a spell.
The orc wizard flickers and vanishes!
Deactivating autopickup; reactivate with Ctrl-A.
You feel sick. The hobgoblin misses you.
A goblin comes into view. It is wielding a +0 dagger.
You feel sick.
The hobgoblin shouts!
The hobgoblin attacks as you move away! The hobgoblin hits you.
* * * LOW HITPOINT WARNING * * *
The orc attacks as you move away! The orc hits you with a +0 club.
* * * LOW HITPOINT WARNING * * *
x2 You feel sick.
The giant cockroach bites you but does no damage.
There is a stone staircase leading up here.
* * * LOW HITPOINT WARNING * * *
You feel sick.
The giant cockroach completely misses you.
The orc closely misses you. The hobgoblin misses you.
The giant cockroach barely misses you.
You climb upwards.
Level annotation: 3 runed translucent doors, exclusion: downstairs, oldplebian's ghost, amateur GnCA Reactivating autopickup.
* * * LOW HITPOINT WARNING * * *
You feel sick.
There is a stone staircase leading down here.
You feel better. The hobgoblin closely misses you.
The orc hits you with a +0 club.
* * * LOW HITPOINT WARNING * * *
The giant cockroach bites you.
* * * LOW HITPOINT WARNING * * *
The orc closely misses you.
There is an escape hatch in the ceiling here.
The orc attacks as you move away! The orc hits you with a +0 club.
You die...

###### ##...#
#.............##
###.####...#.......##
#....#...#.......#
####.....#.......#
#.###.........#
#.............#
#..##.#.......#
#####Bg...#.......#
#....o@.###.......#####
#..)....#.#...........#
#.......#.##''........#
###'#####.####........#
#.......# #........#
#######'######'######
#..........##.#
######.##.......##.#
#......##.......>..#


You could see an orc, a giant cockroach and a hobgoblin.

Vanquished Creatures
  An adder (D:2)
  A ball python (D:1)
  3 giant cockroaches
  A goblin (D:2)
  2 quokkas
  2 bats
  3 frilled lizards
  3 kobolds (D:3)
  6 rats
22 creatures vanquished.

Vanquished Creatures (collateral kills)
  2 adders
  A worm (D:2)
  A dart slug (D:3)
  An orc (D:3)
  A hobgoblin (D:3)
  A quokka (D:1)
  A ball python (D:1)
  2 kobolds
  A rat (D:3)
11 creatures vanquished.

Grand Total: 33 creatures vanquished

Notes
Turn   | Place    | Note
-------+----------+-------------------------------------------
     0 | D:1      | Chudface the Merfolk Summoner began the quest for the Orb.
     0 | D:1      | Reached XP level 1. HP: 13/13 MP: 3/3
   250 | D:1      | Reached XP level 2. HP: 16/20 MP: 3/5
   253 | D:1      | Learned a level 2 spell: Call Imp
   825 | D:2      | Reached skill level 1 in Fighting
  1034 | D:2      | Reached XP level 3. HP: 26/26 MP: 6/6
  1100 | D:2      | Learned a level 3 spell: Call Canine Familiar
  1361 | D:2      | Found an ancient bone altar of Kikubaaqudgha.
  1897 | D:3      | Found a runed translucent gate.
  1897 | D:3      | Found a runed translucent gate.
  1897 | D:3      | Found a runed translucent gate.
  1900 | D:3      | Found an opulent altar of Gozag.
  1927 | D:3      | Noticed oldplebian's ghost (amateur GnCA)
  2112 | D:4      | Found an opulent altar of Gozag.
  2113 | D:4      | Found a shimmering altar of Xom.
  2122 | D:4      | Reached XP level 4. HP: 32/32 MP: 3/7
  2341 | D:4      | Found a staircase to the Ecumenical Temple.
  2359 | D:3      | Slain by an orc

Illustrated notes

Levels and vault maps discovered:
D:1:      lemuel_arrival_behind_the_door_large, layout_loops_ring
D:2:      layout_loops_ring, basic_altar, nrook_loot_triangle,
          minmay_crystal_water
D:3:      layout_basic, ebering_ghost_gozag, grunt_ministairs_4
D:4:      layout_cave_pools, grunt_temple_overflow_open, temple_fountains

Skill      XL: |  1  2 |
---------------+-------+-----
Dodging        | 3 |  3.3
Fighting       | 1 |  1.2
Stealth        | |  2.7
Spellcasting   | |  2.0
Summonings     | |  4.8

Action                     |  1- 3 |  4- 6 || total
---------------------------+-------+-------++-------
  Melee: Whip              |   100 |     3 ||   103
         Unarmed           |     6 |       ||     6
   Cast: Summon Small Mamm |    20 |     1 ||    21
         Call Imp          |    11 |       ||    11
         Call Canine Famil |       |     1 ||     1
    Use: Scroll            |     7 |       ||     7
         Potion            |       |     1 ||     1
   Stab: Sleeping          |     3 |       ||     3
 Armour: Robe              |    30 |     2 ||    32
  Dodge: Dodged            |    76 |    11 ||    87

Table legend: (Time is in decaauts)
 A = Elapsed time spent in this place.
 B = Non-inter-level travel time spent in this place.
 C = Inter-level travel time spent in this place.
 D = Time resting spent in this place.
 E = Time spent auto-exploring this place.
 F = Levels seen in this place.
 G = Mean time per level.
                   A        B        C        D        E       F      G
               +--------+--------+--------+--------+--------+-----+--------+
         Total |   2363 |   2140 |    223 |     61 |   1323 |   4 |  590.8 |
       Dungeon |   2363 |   2140 |    223 |     61 |   1323 |   4 |  590.8 |
               +--------+--------+--------+--------+--------+-----+--------+

Top non-repeatable levels by time:
     D:3: 822 daAuts
     D:2: 765 daAuts
     D:1: 738 daAuts
     D:4: 37 daAuts
